 Seeded DCSS version 0.29-a0-23-ga79f92ac9c (webtiles) character file.

Game seed: 10000000000011 (custom seed)

89 knot the Chopper (level 4, -2/52 HPs)
             Began as a Demonspawn Berserker on Jan 31, 2022.
             Was a Believer of Trog.
             Slain by an ogre (24 damage)
             ... on level 3 of the Dungeon.
             The game lasted 00:01:54 (2666 turns).

knot the Chopper (Demonspawn Berserker)             Turns: 2666, Time: 00:01:55

Health: -2/52      AC:  2    Str: 18    XL:     4   Next: 31%
Magic:  4/4        EV: 12    Int: 10    God:    Trog [**....]
Gold:   82         SH:  0    Dex: 12    Spells: 3/3 levels left

rFire   . . .      SeeInvis .   a - +0 hand axe
rCold   . . .      Faith    .   (no shield)
rNeg    . . .      Spirit   .   b - +0 animal skin
rPois   .          Reflect  .   (no helmet)
rElec   .          Harm     .   (no cloak)
rCorr   .          Rampage  .   (no gloves)
Will    .....                   (no boots)
Stlth   ..........              (no amulet)
HPRegen 0.17/turn               (no ring)
MPRegen 0.18/turn               (no ring)

@: berserking, very quick
A: magic regeneration, demonic touch 1
a: Renounce Religion, Berserk, Trog's Hand


You were on level 3 of the Dungeon.
You worshipped Trog.
Trog was pleased with you.
You visited 1 branch of the dungeon, and saw 3 of its levels.

You collected 82 gold pieces.

Inventory:

Hand Weapons
 a - a +0 hand axe (weapon)
Missiles
 f - 28 stones (quivered)
 k - 2 poisoned darts
Armour
 b - a +0 animal skin (worn)
Jewellery
 d - an amulet of reflection
Scrolls
 c - a scroll of amnesia {unknown}
 h - a scroll of identify {unknown}
 m - a scroll of blinking {unknown}
Potions
 e - a potion of curing {unknown}
 g - a potion of lignification {unknown}
 i - a potion of might {unknown}
 j - a potion of magic {unknown}
 l - a potion of heal wounds {unknown}


   Skills:
 - Level 3.0 Fighting
 + Level 4.7 Axes
 - Level 1.7 Armour
 - Level 1.7 Dodging


You had 3 spell levels left.
You didn't know any spells.
Your spell library contained the following spells:

 Spells                   Type           Power      Damage    Failure   Level
 Corpse Rot               Necr/Air       0%         N/A       50%         2
 Ensorcelled Hibernation  Hex/Ice        0%         N/A       50%         2
 Passwall                 Tmut/Erth      0%         N/A       50%         2
 Poisonous Vapours        Pois/Air       0%         N/A       50%         2
 Swiftness                Air            0%         N/A       75%         3


Dungeon Overview and Level Annotations

Branches:
Dungeon (3/15)

Altars:


Innate Abilities, Weirdness & Mutations

You regenerate magic rapidly.
Your touch may inflict minor irresistible damage on your foes.


Message History

You are no longer poisoned.
You start resting.
You feel yourself speed up.
You start resting.
You recover from your berserk rage.
You start resting.
HP restored.
You now have 82 gold pieces (gained 11).
A frilled lizard comes into view.
The frilled lizard hisses angrily.
A frilled lizard is nearby!
A frilled lizard is nearby!
A frilled lizard is nearby!
The frilled lizard barely misses you.
You hit the frilled lizard but do no damage.
The frilled lizard bites you but does no damage.
You closely miss the frilled lizard. Your touch misses the frilled lizard.
The frilled lizard misses you.
You miss the frilled lizard. Your touch misses the frilled lizard.
The frilled lizard barely misses you.
You barely miss the frilled lizard. The frilled lizard closely misses you.
You hit the frilled lizard.
You kill the frilled lizard!
Trog accepts your kill.
No target in view!
No target in view!
An ogre comes into view. It is wielding a +0 giant spiked club.
The ogre shouts!
An ogre is nearby!
The ogre hits you with a +0 giant spiked club!!
Ouch! That really hurt!
An ogre is nearby!
You are too injured to fight recklessly!
You are too injured to fight recklessly!
You are too injured to fight recklessly!
Unknown command.
A red film seems to cover your vision as you go berserk!
You feel yourself moving faster!
You feel mighty!
The ogre hits you with a +0 giant spiked club!!
You die...

########################.
.................†.......
.....###########.....###
.###.# #......# .# #.#
#@.##.## .###.#######
#.O..# #
...>.......#......#
.###.#.#####.#.....
.......<..........##
...................
#######..........##
#####......# ...


You could see an ogre.

Vanquished Creatures
  4 adders
  4 endoplasms
  A giant cockroach (D:1)
  3 goblins
  4 hobgoblins
  14 jackals
  A ball python (D:2)
  5 bats (D:2)
  5 frilled lizards
  3 kobolds
  5 rats
49 creatures vanquished.

Notes
Turn   | Place    | Note
-------+----------+-------------------------------------------
     0 | D:1      | knot the Demonspawn Berserker began the quest for the Orb.
     0 | D:1      | Reached XP level 1. HP: 18/18 MP: 1/1
   151 | D:1      | Reached skill level 3 in Axes
   192 | D:1      | Gained mutation: You regenerate magic rapidly. [demonic
                  | ancestry]
   192 | D:1      | Reached XP level 2. HP: 23/24 MP: 2/2
  1430 | D:2      | Reached skill level 4 in Axes
  1430 | D:2      | Gained mutation: Your touch may inflict minor irresistible
                  | damage on your foes. [demonic ancestry]
  1430 | D:2      | Reached XP level 3. HP: 29/29 MP: 3/3
  1639 | D:2      | Reached ** piety under Trog
  1834 | D:2      | Reached XP level 4. HP: 9/35 MP: 4/4
  2663 | D:3      | Noticed an ogre
  2666 | D:3      | Slain by an ogre

Illustrated notes

Levels and vault maps discovered:
D:1:      lordsloth_arrival_two_stooges, layout_basic, grunt_decor_fettered,
          minmay_misc_feat_diagonals, nicolae_concentric_dashed_squares_wild
D:2:      layout_rooms, hangedman_decor_clover_reticule
D:3:      layout_basic, serial_shops, shop, kennysheep_path_1

Skill      XL: |  1  2 |
---------------+-------+-----
Axes           | 3 4 |  4.7
Fighting       | |  3.0
Armour         | |  1.7
Dodging        | |  1.7

Action                   |  1- 3 |  4- 6 || total
-------------------------+-------+-------++-------
Melee: Hand axe          |   103 |    20 ||   123
       Touch             |     5 |     2 ||     7
Invok: Berserk           |     5 |     2 ||     7
Armor: Animal skin       |    26 |    10 ||    36
Dodge: Dodged            |    70 |    13 ||    83

Table legend: (Time is in decaauts)
 A = Elapsed time spent in this place.
 B = Non-inter-level travel time spent in this place.
 C = Inter-level travel time spent in this place.
 D = Time resting spent in this place.
 E = Time spent auto-exploring this place.
 F = Levels seen in this place.
 G = Mean time per level.
                   A        B        C        D        E       F      G
               +--------+--------+--------+--------+--------+-----+--------+
         Total |   2734 |   2708 |     26 |   1237 |   1172 |   3 |  911.3 |
       Dungeon |   2734 |   2708 |     26 |   1237 |   1172 |   3 |  911.3 |
               +--------+--------+--------+--------+--------+-----+--------+

Top non-repeatable levels by time:
     D:1: 1447 daAuts
     D:2: 1080 daAuts
     D:3: 207 daAuts
